Map: [ESL] Waterfall

Players

Spirit

  • Race: Terran Terran
  • Spawn Location: 1:00

Reynor - Winner!

  • Race: Zerg Zerg
  • Spawn Location: 7:00

Event: DreamHack SC2 Masters 2022 Atlanta (Online)

VOD

Have the link to the VOD?

Description

Time

  • Played on: Sept. 28, 2022, 1:54 p.m.
  • Length: 16:05

All games in this series

Show
View Real Time Build Order
Export as new Build Order

Spirit Terran 

Build Orders: Reaper Expand, Hellion Banshee 

Get SALT Encoding   

  12  0:00  SCV  
  13  0:12  SCV  
  14  0:17  Supply Depot  
  14  0:24  SCV  
  15  0:38  SCV  
  15  0:40  Barracks  
  16  0:44  Refinery  
  16  0:50  SCV  
  17  1:03  SCV  
  18  1:15  SCV  
  19  1:27  Reaper, Orbital Command  
  20  1:40  Command Center  
  20  1:50  Supply Depot  
  20  1:53  SCV  
  21  1:59  Marine  
  22  2:05  SCV  
  23  2:10  Factory  
  23  2:17  SCV, Marine  
  25  2:29  SCV  
  26  2:35  Barracks Reactor  
  26  2:41  SCV  
  27  2:45  Command Center  
  27  2:54  SCV  
  27  2:55  Orbital Command  
  28  3:06  SCV  
  28  3:10  Starport  
  29  3:16  Refinery  
  29  3:18  SCV  
  30  3:22  SCV  
  30  3:26  Hellion  
  33  3:29  Barracks Tech Lab  
  33  3:30  SCV  
  33  3:34  SCV  
  35  3:35  Hellion  
  37  3:42  SCV  
  37  3:46  SCV  
  39  3:52  Hellion  
  39  3:54  SCV  
  42  3:57  Hellion, Banshee, Orbital Command  
  42  3:58  SCV  
  42  4:01  Cloaking Field  
  48  4:06  SCV  
  48  4:08  Barracks Tech Lab  
  49  4:10  SCV  
  49  4:13  Hellion  
  49  4:15  Supply Depot  
  52  4:18  SCV  
  52  4:22  Hellion, SCV  
  56  4:29  Marine  
  56  4:30  SCV  
  58  4:34  SCV  
  58  4:35  Hellion  
  61  4:40  Supply Depot, Banshee, Orbital Command  
  61  4:42  SCV  
  66  4:46  SCV  
  66  4:50  Stimpack, Marine  
  67  4:55  SCV, Refinery  
  67  4:56  Refinery  
  67  4:58  SCV  
  69  5:04  Factory Reactor  
  69  5:05  Barracks, SCV  
  69  5:06  Engineering Bay  
  69  5:07  Engineering Bay, Barracks, SCV  
  71  5:11  SCV  
  72  5:18  SCV  
  72  5:19  SCV  
  74  5:21  Supply Depot  
  74  5:22  Barracks  
  74  5:23  SCV  
  74  5:24  Barracks  
  75  5:30  SCV  
  75  5:35  SCV, Command Center  
  77  5:36  Starport Reactor  
  77  5:38  SCV  
  76  5:46  Marine  
  76  5:49  SCV  
  75  5:52  SCV, Marine  
  75  5:57  SCV  
  76  6:02  Siege Tank  
  76  6:03  SCV  
  80  6:04  SCV  
  80  6:08  Terran Infantry Armor Level 1, Terran Infantry Weapons Level 1, Marine x2  
  80  6:10  SCV  
  84  6:14  Bunker  
  84  6:15  Barracks Reactor x2, SCV, Supply Depot  
  84  6:16  Supply Depot, Barracks Tech Lab  
  85  6:20  SCV, Marine  
  85  6:25  Refinery  
  85  6:29  Combat Shield  
  85  6:34  SCV x3, Medivac x2, Marine  
  85  6:36  Marine  
  85  6:39  Siege Tank, Marine x2  
  99  6:41  Marauder  
  99  6:45  Marine  
  99  6:46  SCV x3  
  105  6:52  Marine x2  
  107  6:54  Armory, Marine  
  107  6:55  Concussive Shells  
  107  6:57  Marine  
  107  6:58  SCV  
  110  7:02  Supply Depot, Marauder  
  110  7:03  Supply Depot  
  110  7:05  SCV, Marine, Refinery  
  110  7:07  SCV  
  115  7:10  Marauder  
  115  7:12  Supply Depot  
  115  7:14  Factory  
  117  7:16  Siege Tank  
  117  7:17  Marine  
  121  7:24  SCV  
  121  7:27  SCV, Marine  
  121  7:28  Marauder  
  64  7:30  Medivac x2  
  126  7:35  SCV, Planetary Fortress  
  126  7:36  SCV  
  132  7:40  SCV  
  132  7:43  Supply Depot, Marauder, Marine  
  136  7:47  SCV  
  136  7:48  Siege Tank  
  136  7:49  Marauder  
  136  7:50  Marine x2  
  136  7:51  Marine  
  145  7:52  SCV  
  146  7:59  SCV  
  146  8:05  Marauder  
  149  8:06  Factory Tech Lab  
  149  8:07  Terran Infantry Weapons Level 2  
  149  8:09  Marine x3  
  149  8:10  SCV  
  149  8:11  SCV, Marauder  
  149  8:12  Command Center  
  156  8:15  Supply Depot  
  156  8:22  Supply Depot  
  156  8:26  Supply Depot x2  
  156  8:27  Supply Depot  
  156  8:31  Refinery  
  156  8:32  Refinery  
  156  8:36  SCV x3, Siege Tank  
  156  8:37  Marauder  
  164  8:43  Siege Tank, Marine, Marauder  
  170  8:52  Barracks x2  
  170  8:54  Terran Vehicle Weapons Level 1  
  170  8:55  Ghost Academy, SCV  
  171  8:58  Barracks, Marauder  
  171  9:00  Medivac x2  
  177  9:08  Sensor Tower  
  177  9:09  Siege Tank  
  180  9:10  SCV  
  180  9:11  Missile Turret x2  
  180  9:15  Marine  
  184  9:19  SCV, Missile Turret  
  183  9:24  Terran Infantry Armor Level 2, Siege Tank  
  183  9:28  SCV  
  187  9:31  Ghost x2  
  191  9:38  Command Center  
  191  9:44  Siege Tank  
  191  9:56  Siege Tank  
  191  9:57  Barracks Tech Lab x2  
  191  9:58  Viking, Barracks Tech Lab  
  190  10:14  Ghost  
  178  10:15  Marine x4  
  178  10:16  Siege Tank  
  187  10:23  Ghost  
  187  10:28  Siege Tank  
  187  10:41  Ghost  
  187  10:49  Command Center, Ghost  
  187  10:50  Medivac x2, Siege Tank  
  187  10:54  Orbital Command  
  187  10:56  Terran Infantry Weapons Level 3  
  196  11:00  Command Center x2  
  196  11:01  Siege Tank  
  199  11:18  Sensor Tower  
  199  11:19  Refinery, Missile Turret  
  199  11:21  Refinery  
  197  11:38  Siege Tank  
  197  11:39  Ghost  
  177  11:41  Marauder x2, Marine  
  177  11:44  Siege Tank  
  177  11:46  Marauder x2, Marine x5  
  180  11:47  Medivac  
  180  11:50  Medivac  
  180  11:59  Marine  
  162  12:02  Marine x2  
  162  12:04  Marine x5  
  162  12:05  SCV  
  162  12:07  Marine x3  
  164  12:10  Siege Tank, Planetary Fortress  
  164  12:14  Orbital Command  
  167  12:15  Orbital Command  
  167  12:16  Siege Tank, Marine  
  167  12:20  Marine x2  
  167  12:22  Marine x5  
  181  12:25  Marine x3  
  181  12:28  Liberator x2  
  188  12:34  Marine  
  188  12:38  Marine x2  
  188  12:39  Marine  
  188  12:40  Marine x4  
  188  12:42  Siege Tank  
  188  12:43  Marine x2  
  197  12:52  Command Center, Marine  
  197  12:54  Ghost  
  197  12:55  Marine  
  197  12:56  Marine  
  197  12:57  Marine x5  
  194  13:00  Ghost  
  194  13:01  Marauder  
  188  13:09  Siege Tank  
  188  13:11  SCV x2  
  193  13:13  Ghost x2  
  193  13:14  Siege Tank  
  193  13:19  Planetary Fortress  
  200  13:21  Missile Turret, Sensor Tower  
  200  13:34  Missile Turret  
  200  13:47  Command Center  
  200  13:50  Refinery, Command Center  
  200  13:53  Refinery  
  200  13:57  Personal Cloaking  
  200  14:01  Neosteel Armor  
  200  14:08  Command Center  
  200  14:13  Missile Turret  
  197  14:18  Siege Tank  
  197  14:23  Factory  
  185  14:32  Siege Tank, Ghost x2  
  185  14:34  Ghost  
  187  14:41  Ghost  
  185  14:48  Supply Depot  
  185  14:51  Supply Depot  
  184  14:58  Siege Tank, Marine x6, Ghost  
  188  15:01  Ghost  
  188  15:02  Ghost  
  188  15:04  Siege Tank, Ghost  
  168  15:24  Ghost  
  168  15:27  Marauder, Marine  
  162  15:28  Marine  
  162  15:30  Marauder  
  162  15:31  Siege Tank, Marine x5  
  162  15:33  Marine  
  99  15:44  Marine  
  99  15:46  Marine  
Show
View Real Time Build Order
Export as new Build Order

Reynor Zerg - Winner!

Build Orders: Hatch First 

Get SALT Encoding   

  12  0:00  Drone  
  13  0:11  Overlord  
  13  0:16  Drone  
  14  0:30  Drone x2  
  16  0:47  Hatchery  
  15  0:51  Drone  
  15  0:54  Drone  
  17  0:57  Drone  
  18  1:07  Extractor  
  17  1:13  Spawning Pool  
  17  1:16  Drone  
  17  1:19  Drone  
  18  1:27  Drone  
  19  1:38  Drone  
  20  1:48  Overlord  
  20  1:59  Queen x2  
  20  2:00  Zergling x4  
  26  2:10  Drone x2  
  28  2:20  Drone  
  28  2:21  Drone  
  30  2:27  Extractor  
  29  2:31  Drone x2  
  29  2:33  Metabolic Boost  
  29  2:36  Queen  
  33  2:42  Overlord  
  33  2:43  Drone  
  34  2:44  Extractor  
  34  2:46  Queen  
  36  2:58  Overlord  
  36  3:04  Drone, Hatchery  
  36  3:06  Drone  
  36  3:09  Drone  
  37  3:14  Drone  
  37  3:16  Drone x2  
  40  3:21  Queen  
  40  3:23  Drone  
  40  3:25  Drone  
  44  3:31  Overlord  
  44  3:34  Queen  
  44  3:38  Drone x2  
  48  3:44  Overlord  
  48  3:49  Drone x3  
  48  3:51  Drone  
  52  3:57  Overlord  
  52  3:58  Drone x3  
  52  4:02  Queen  
  57  4:06  Drone  
  58  4:10  Overlord  
  58  4:11  Drone  
  58  4:13  Queen  
  58  4:16  Drone  
  62  4:21  Zergling x2  
  62  4:24  Zergling x2  
  64  4:27  Drone  
  64  4:29  Queen, Extractor  
  66  4:32  Drone  
  66  4:34  Zergling x4  
  66  4:36  Zergling x2  
  66  4:38  Drone, Overlord  
  70  4:39  Lair  
  70  4:43  Baneling Nest, Drone  
  70  4:45  Drone x2  
  72  4:47  Drone  
  72  4:51  Spore Crawler  
  72  4:52  Spore Crawler, Drone  
  72  4:56  Spore Crawler, Drone  
  72  4:57  Drone  
  72  4:58  Drone  
  74  5:01  Drone x2  
  74  5:02  Drone  
  77  5:14  Zergling x6  
  77  5:16  Drone x2  
  77  5:18  Hatchery  
  77  5:20  Overlord  
  81  5:21  Drone  
  81  5:22  Drone  
  81  5:27  Drone x2  
  85  5:29  Drone, Overlord  
  85  5:30  Drone  
  87  5:36  Drone x2  
  87  5:40  Overseer  
  89  5:42  Overseer  
  89  5:43  Centrifugal Hooks  
  89  5:45  Drone x3  
  89  5:46  Overlord  
  89  5:47  Drone x2  
  89  5:49  Extractor  
  93  5:52  Extractor  
  93  5:53  Drone x3  
  93  5:55  Drone  
  93  5:57  Overlord  
  92  5:58  Drone x3  
  92  6:01  Queen  
  95  6:04  Drone  
  95  6:05  Queen  
  95  6:07  Extractor  
  95  6:09  Extractor  
  95  6:10  Zergling x4  
  98  6:13  Drone  
  97  6:18  Overlord  
  97  6:19  Drone x2  
  97  6:20  Drone  
  97  6:23  Evolution Chamber  
  97  6:25  Evolution Chamber  
  97  6:27  Drone  
  97  6:28  Drone x2  
  97  6:30  Drone x2  
  97  6:32  Overseer  
  102  6:33  Zergling x6  
  102  6:36  Zergling x6  
  108  6:41  Zergling x6  
  108  6:43  Hatchery  
  108  6:44  Spore Crawler, Zergling x2  
  108  6:45  Baneling x8  
  108  6:46  Baneling x2  
  110  6:49  Zergling x2  
  110  6:53  Drone x2  
  113  6:55  Queen, Drone x3  
  113  6:56  Drone  
  113  7:00  Zerg Ground Armor Level 1, Zerg Melee Weapons Level 1  
  119  7:02  Drone  
  119  7:03  Hydralisk Den, Drone x2  
  119  7:05  Drone  
  122  7:09  Drone  
  122  7:11  Drone  
  122  7:12  Spore Crawler x2, Overlord  
  122  7:18  Drone  
  122  7:19  Drone x3  
  122  7:21  Baneling x3  
  122  7:22  Zergling x6  
  129  7:27  Drone x3  
  132  7:31  Zergling x6  
  132  7:32  Zergling x2  
  132  7:34  Muscular Augments  
  132  7:36  Infestation Pit  
  135  7:37  Hydralisk  
  135  7:38  Hydralisk x4  
  135  7:40  Drone  
  135  7:41  Extractor  
  135  7:42  Extractor  
  144  7:45  Hydralisk  
  144  7:47  Drone  
  147  7:52  Hydralisk x2  
  147  7:57  Overlord  
  147  7:58  Queen, Drone x5  
  156  8:06  Overlord  
  156  8:08  Baneling x7  
  156  8:09  Baneling  
  156  8:13  Hive  
  156  8:16  Hydralisk x5  
  166  8:24  Overlord x3  
  166  8:30  Zergling x2  
  166  8:31  Zergling x14  
  166  8:32  Overlord  
  174  8:36  Spore Crawler  
  174  8:41  Drone, Overlord  
  173  8:45  Hatchery  
  173  8:46  Grooved Spines  
  171  8:49  Zergling x26  
  171  8:51  Pneumatized Carapace  
  184  8:57  Zergling x2, Hydralisk x2  
  184  8:58  Zergling x14  
  184  8:59  Overseer  
  184  9:00  Zerg Ground Armor Level 2  
  184  9:01  Zerg Melee Weapons Level 2  
  196  9:11  Hatchery  
  196  9:15  Baneling x9  
  195  9:45  Hatchery  
  195  9:50  Zergling x10  
  199  9:57  Adrenal Glands  
  191  10:10  Viper x5  
  191  10:12  Zergling x28  
  197  10:21  Zergling x4  
  199  10:28  Hatchery  
  199  10:30  Baneling  
  199  10:31  Baneling x11, Hatchery  
  199  10:35  Zergling x6  
  200  10:46  Baneling  
  200  10:47  Baneling x12  
  200  10:48  Overlord x2  
  200  10:57  Baneling x10  
  200  10:59  Spore Crawler  
  200  11:01  Spore Crawler  
  198  11:09  Overseer  
  198  11:10  Overseer  
  198  11:14  Zergling x2  
  198  11:15  Zergling x2  
  200  11:23  Extractor  
  199  11:26  Extractor  
  163  11:45  Zergling x84  
  197  11:51  Zergling x4  
  192  11:54  Zerg Ground Armor Level 3, Hydralisk x2, Zerg Missile Weapons Level 1  
  192  11:55  Zergling x8  
  192  11:56  Zergling x2, Hydralisk  
  192  12:00  Zergling x6  
  192  12:01  Zergling x2  
  200  12:03  Zergling x4  
  200  12:04  Zergling x6  
  196  12:10  Hydralisk  
  196  12:11  Zergling x2  
  199  12:19  Baneling x28, Unknown  
  199  12:20  Baneling x25  
  198  12:24  Zergling x6  
  198  12:28  Spore Crawler, Spine Crawler  
  198  12:29  Zergling x4  
  199  12:35  Baneling x12  
  199  12:39  Hatchery  
  199  12:44  Evolution Chamber x2  
  155  13:00  Zergling x44  
  162  13:05  Hydralisk x2  
  162  13:06  Zergling x2  
  162  13:10  Spire  
  159  13:13  Hydralisk x3  
  159  13:14  Zergling x2  
  159  13:15  Zergling x2  
  167  13:20  Drone x4  
  167  13:25  Baneling x15  
  171  13:27  Zergling x10  
  171  13:31  Drone x3  
  171  13:33  Zergling x6  
  182  13:34  Zergling x2  
  182  13:35  Zergling x4  
  182  13:40  Zergling x12  
  193  13:41  Zergling x4  
  193  13:48  Zergling x8  
  197  14:03  Drone  
  197  14:04  Drone  
  197  14:07  Baneling x12  
  197  14:29  Zergling x2  
  197  14:30  Zergling x30  
  196  14:36  Zergling x26  
  193  14:42  Zergling x16  
  200  14:47  Greater Spire  
  200  14:48  Hatchery  
  188  14:53  Zergling x16  
  188  14:57  Baneling x11  
  191  15:02  Zergling x4  
  191  15:05  Zergling x12  
  194  15:08  Zergling x4  
  195  15:25  Zergling x20  
  195  15:28  Zergling x2, Hydralisk  
  188  15:29  Zergling x4  
  173  15:38  Zergling x12  
  173  15:40  Zergling x2  
  167  15:45  Zergling x8  
Tags
 
Add a new tag
Caveats
  • Supply blocks, unpowered buildings, or Contaminate may cause inaccurate times.
  • Supply counts are checked every 10 seconds.